 Dungeon Crawl Stone Soup version 0.19.0-2-gae57169 (webtiles) character file.

310 Patchouli the Caller (level 6, 0/32 HPs)
             Began as a Tengu Summoner on Nov 3, 2016.
             Slain by a hound (4 damage)
             ... on level 6 of the Dungeon.
             The game lasted 00:11:18 (1335 turns).

Patchouli the Caller (Tengu Summoner)               Turns: 1335, Time: 00:11:18

Health: 0/32       AC:  5    Str:  9    XL:     6   Next: 41%
Magic:  7/13       EV: 12    Int: 17    God:
Gold:   195        SH:  0    Dex: 14    Spells: 5 memorised, 0 levels left

rFire  . . .     SeeInvis .     g - +1 scythe
rCold  + . .     Gourm    +     u - +2 robe {rC+}
rNeg   . . .     Faith    .     (shield currently unavailable)
rPois  .         Spirit   .     (helmet restricted)
rElec  .         Reflect  .     (no cloak)
rCorr  .         Harm     .     e - +0 pair of gloves
MR     .....                    (boots unavailable)
Stlth  +++.......               d - amulet of the gourmand
                                (no ring)
                                i - ring of stealth

@: very slightly contaminated
A: beak, talons 3, able to fly 1
a: Fly


You were on level 6 of the Dungeon.
You were hungry.

You visited 1 branch of the dungeon, and saw 7 of its levels.

You collected 195 gold pieces.

Inventory:

Hand Weapons
 f - a +0 club
 g - a +1 scythe (weapon)
Armour
 a - a +0 robe
 e - a +0 pair of gloves (worn)
 u - a +2 robe of cold resistance (worn)
 w - a cursed +0 leather armour
Jewellery
 d - an amulet of the gourmand (around neck)
 h - an uncursed amulet of guardian spirit
 i - a ring of stealth (left hand)
Scrolls
 j - a scroll of amnesia
 o - a scroll of blinking
 q - a scroll of recharging
 x - a scroll of identify
Potions
 m - 2 potions of might
 n - 2 potions of berserk rage
 s - a potion of curing
Books
 b - a book of Callings

   Spells                             Type                      Level
   a - Summon Small Mammal            Summoning                    1
   b - Call Imp                       Summoning                    2
   c - Call Canine Familiar           Summoning                    3
   d - Summon Guardian Golem          Hexes/Summoning              3
   e - Summon Lightning Spire         Summoning/Air                4
   f - Summon Ice Beast               Ice/Summoning                4
Comestibles
 c - 4 bread rations
 k - a meat ration
 p - a beef jerky
 t - a slice of pizza


   Skills:
 + Level 1.4 Polearms
 - Level 2.1 Dodging
 - Level 2.0 Stealth
 * Level 4.0 Spellcasting
 + Level 0.0 Hexes
 * Level 6.9 Summonings
 * Level 2.3 Air Magic


You couldn't memorise any spells.
You knew the following spells:

 Your Spells              Type           Power        Failure   Level  Hunger
a - Summon Small Mammal   Summ           ####         1%          1    None
b - Call Imp              Summ           ####....     1%          2    ##.....
c - Call Canine Familiar  Summ           ####....     3%          3    ###....
d - Summon Lightning Spi  Summ/Air       ###.....     24%         4    ####...
e - Summon Guardian Gole  Hex/Summ       ###.....     14%         3    ###....


Dungeon Overview and Level Annotations

Branches:
Dungeon (7/15)
 Temple: D:4-7

Altars:
Ru

Shops:
D:5 :

Annotations:
D:6 Patchouli's ghost, weakling GrFi


Innate Abilities, Weirdness & Mutations

You have a beak for a mouth.
You have claws for feet.
You can fly.


Message History

* * * LOW HITPOINT WARNING * * *
Your hound bites Patchouli's ghost.
Your hound bites Patchouli's ghost but does no damage.
Patchouli's ghost barely misses your hound.
Your hound closely misses Patchouli's ghost.
Casting: Summon Lightning Spire
Confirm with . or Enter, or press ? or * to list all spells.
A guardian golem appears, shielding your allies.
Your hound bites Patchouli's ghost but does no damage.
Your hound barely misses Patchouli's ghost.
A hound comes into view.
Your hound disappears in a puff of smoke!
Patchouli's ghost stares at you.
Okay, then.
The hound bites you but does no damage. The hound bites you.
* * * LOW HITPOINT WARNING * * *
The hound bites you but does no damage. The hound bites you.
You die...

....###....# ###....##.#
......#..#.####.......##..
....#...........# #.#....#
....##.####..#### #.##..###
....##. #.....# #.##....##
######.
#.#...#####.......<###
#....###................###
#..# #.....##.......##...##
#... #.#.#@hW.............#
... #.#..##.8..##.#†.....#
.# ##.##...........#.....#
#.####..###.......##........
.......<....#####...........
......###..## ##.#........
#.#... ##..##+##..###......
# #..# ...........# ......
#.. ...8.....8.# .....#


You could see a hound, Patchouli's ghost and a friendly guardian golem.

Vanquished Creatures
  A worker ant (D:4)
  An adder (D:4)
  A jackal (D:1)
3 creatures vanquished.

Vanquished Creatures (collateral kills)
  Sigmund (D:4)
  A necrophage (D:6)
  An ogre (D:4)
  A scorpion (D:4)
  A bullfrog zombie (D:5)
  2 crimson imps
  An orc priest (D:6)
  A worker ant (D:4)
  An adder (D:4)
  2 dart slugs (D:1)
  2 orcs (D:4)
  3 bats
  2 goblins
  A hobgoblin (D:1)
  2 jackals (D:1)
  A kobold (D:1)
  A ball python (D:6)
  A frilled lizard (D:4)
  2 rats
27 creatures vanquished.

Grand Total: 30 creatures vanquished

Notes
Turn   | Place    | Note
-------+----------+-------------------------------------------
     0 | D:1      | Patchouli the Tengu Summoner began the quest for the Orb.
     0 | D:1      | Reached XP level 1. HP: 10/10 MP: 4/4
    36 | D:1      | Reached skill level 5 in Summonings
   186 | D:1      | Reached XP level 2. HP: 9/15 MP: 3/6
   190 | D:1      | Learned a level 2 spell: Call Imp
   499 | D:4      | Reached XP level 3. HP: 19/19 MP: 0/7
   504 | D:4      | Learned a level 3 spell: Call Canine Familiar
   622 | D:4      | Noticed Sigmund
   761 | D:4      | Killed Sigmund
   761 | D:4      | Reached skill level 6 in Summonings
   761 | D:4      | Reached XP level 4. HP: 24/24 MP: 2/9
   815 | D:5      | Entered Level 5 of the Dungeon
   836 | D:4      | Noticed an ogre
   841 | D:4      | Killed an ogre
   841 | D:4      | Gained mutation: You can fly. [Tengu growth]
   841 | D:4      | Reached XP level 5. HP: 28/28 MP: 7/11
   849 | D:4      | Learned a level 4 spell: Summon Lightning Spire
   859 | D:4      | Found a sacrificial altar of Ru.
  1008 | D:5      | Found Woideofa's Book Boutique.
  1028 | D:5      | Reached skill level 1 in Air Magic
  1110 | D:5      | Reached skill level 1 in Polearms
  1110 | D:5      | Reached XP level 6. HP: 32/32 MP: 6/12
  1221 | D:7      | Noticed an orc warrior
  1297 | D:6      | Noticed a necrophage
  1303 | D:6      | Killed a necrophage
  1308 | D:6      | Learned a level 3 spell: Summon Guardian Golem
  1317 | D:6      | Noticed Patchouli's ghost (weakling GrFi)
  1319 | D:6      | Noticed a sky beast
  1335 | D:6      | Slain by a hound

Skill      XL: |  1  2  3  4  5  6 |
---------------+-------------------+-----
Summonings     | 5 6 |  6.9
Spellcasting   | 3 4 |  4.0
Air Magic      | 1 2 |  2.3
Polearms       | 1 |  1.4
Dodging        | |  2.1
Stealth        | |  2.0

Action                   |  1- 3 |  4- 6 || total
-------------------------+-------+-------++-------
Melee: Kick              |     2 |     1 ||     3
       Club              |     2 |       ||     2
       Unarmed           |     1 |       ||     1
       Scythe            |       |    17 ||    17
       Peck              |       |     1 ||     1
 Cast: Summon Small Mamm |    24 |       ||    24
       Call Imp          |     6 |     5 ||    11
       Call Canine Famil |     4 |     9 ||    13
       Summon Lightning  |       |     1 ||     1
       Summon Guardian G |       |     1 ||     1
  Use: Potion            |     1 |     4 ||     5
       Scroll            |       |     7 ||     7
 Stab: Distracted        |     1 |     1 ||     2
  Eat: Chunk             |     2 |     3 ||     5
Armor: Robe              |    12 |     5 ||    17
Dodge: Dodged            |    22 |     6 ||    28
